 Dungeon Crawl Stone Soup version 0.30.0-13-g156ef70053 (webtiles) character file.

Game seed: 6898962262468289303

249 jasper the Digger (level 6, -2/46 HPs)
             Began as a Meteoran Earth Elementalist on May 17, 2023.
             Slain by a kobold brigand
             ... wielding a +0 dagger
              (5 damage)
             ... in a sewer.
             The game lasted 00:02:50 (1108 turns).

jasper the Digger (Meteoran Earth Elementalist)     Turns: 1108, Time: 00:02:51

Health: -2/46      AC:  2    Str:  9    XL:     6   Next: 61%
Magic:  8/11       EV: 12    Int: 20    God:
Gold:   96         SH:  0    Dex: 14    Spells: 4/10 levels left

rFire   . . .        h - +0 short sword (elec)
rCold   . . .        (no shield)
rNeg    . . .        a - +0 robe
rPois   .            (no helmet)
rElec   .            (no cloak)
rCorr   .            (no gloves)
SInv    .            (no boots)
Will    .....        (no amulet)
Stlth   +            (no ring)
HPRegen 0.27/turn    (no ring)
MPRegen 0.12/turn

%: no passive effects
@: flying, glowing
A: sense surroundings 1, otherworldly, glowing, explore regen
a: no special abilities


You were in a sewer.
You visited 1 branch of the dungeon, and saw 4 of its levels.
You also visited: Sewer.

You collected 96 gold pieces.

Inventory:

Hand Weapons
 h - a +0 short sword of electrocution (weapon)
Armour
 a - a +0 robe (worn)
Scrolls
 c - a scroll of fear {unknown}
 d - a scroll of noise {unknown}
 f - 2 scrolls of teleportation {unknown}
 i - a scroll of amnesia {unknown}
 j - a scroll of fog {unknown}
 l - a scroll of vulnerability {unknown}
 m - a scroll of blinking {unknown}
Potions
 b - a potion of magic
 g - a potion of resistance {unknown}
 k - a potion of heal wounds {unknown}


   Skills:
 - Level 0.5 Fighting
 - Level 2.6 Dodging
 - Level 1.4 Stealth
 - Level 2.8 Spellcasting
 * Level 4.0 Conjurations
 - Level 1.2 Transmutations
 * Level 6.5 Earth Magic


You had 4 spell levels left.
You knew the following spells:

 Your Spells              Type           Power      Damage    Failure   Level
a - Sandblast             Erth           56%        2d13      1%          1
b - Passwall              Tmut/Erth      15%        N/A       4%          2
c - Stone Arrow           Conj/Erth      46%        3d9       4%          3

Your spell library contained the following spells:

 Spells                   Type           Power      Damage    Failure   Level
 Magic Dart               Conj           76%        1d6       2%          1
 Call Imp                 Summ           4%         N/A       22%         2
 Mephitic Cloud           Conj/Pois/Air  8%         N/A       26%         3
 Petrify                  Tmut/Erth      18%        N/A       30%         4


Dungeon Overview and Level Annotations

Branches:
Dungeon (4/15) Zot: 1324    Sewer (1/1) Zot: 501
 Temple: D:4-7

Altars:
Gozag

Annotations:
D:3 3 runed translucent doors, kougar's ghost, amateur NaTm


Innate Abilities, Weirdness & Mutations

You passively map a small area around you.
You are easily found by Zot.
You glow in the dark.
You regain HP and MP as you explore.


Message History

The kobold brigand hits you with a +0 whip.
You take 6 damage, and have 17/46 hp.
You hit the kobold brigand.
The kobold brigand is severely wounded.
The jackal misses you.
The jackal bites you but does no damage.
The kobold barely misses you.
The kobold brigand hits you with a +0 whip.
The kobold brigand hits you with a +0 dagger.
* * * LOW HITPOINT WARNING * * *
You take 8 damage, and have 9/46 hp.
Casting: Sandblast (safe; 1% risk of failure)
Confirm with . or Enter, or press ? or * to list all spells.
Aiming: Sandblast (safe; 1% risk of failure)
Press: ? - help, Shift-Dir - straight line, f/p - kobold brigand
Aim: a kobold brigand, wielding a +0 whip and quivering poisoned darts (severely wounded, 79% to hit)
The blast of sand hits the kobold brigand!!
You kill the kobold brigand!
The jackal closely misses you. The jackal bites you.
* * * LOW HITPOINT WARNING * * *
The kobold hits you with a +0 dagger.
* * * LOW HITPOINT WARNING * * *
The jackal closely misses you. The jackal bites you.
* * * LOW HITPOINT WARNING * * *
The kobold brigand splashes around in the water.
The kobold barely misses you.
Your Conjurations skill increases to level 4!
You take 6 damage, and have 3/46 hp.
You now have 8/11 mp.
Casting: Sandblast (safe; 1% risk of failure)
Confirm with . or Enter, or press ? or * to list all spells.
Aiming: Sandblast (safe; 1% risk of failure)
Press: ? - help, Shift-Dir - straight line, f - kobold brigand
Aim: a kobold brigand, wielding a +0 dagger and quivering poisoned darts (79% to hit)
Okay, then.
It was a potion of flight.
You feel very buoyant.
You fly up into the air.
The jackal misses you.
The jackal splashes around in the water.
The kobold brigand hits you with a +0 dagger.
You die...

* ## * * , *##.., ~~
**#....,, *...
####.#### #...KK@)#
#.~~~Khh# #.~≈≈≈~~#
#.~≈≈≈~~# #.~≈≈≈~~#
#.~~≈~~.# #..~≈~~.#
#..~≈~..###############
#~~~≈~~~~~~~~~~~~~~~~~~


You could see a kobold brigand, 2 jackals and 2 kobolds.

Vanquished Creatures
  A kobold brigand (Sewer)
  An orc priest (D:4)
  An orc wizard (D:4)
  3 adders
  3 river rats (Sewer)
  A worm (D:2)
  2 dart slugs
  3 orcs (D:4)
  2 bats
  9 endoplasms
  4 giant cockroaches (D:4)
  4 goblins
  2 hobgoblins
  5 kobolds
  6 quokkas
  4 ball pythons
  A frilled lizard (D:1)
  8 rats
60 creatures vanquished.

Notes
Turn   | Place    | Note
-------+----------+-------------------------------------------
     0 | D:1      | jasper the Meteoran Earth Elementalist began the quest for
                  | the Orb.
     0 | D:1      | Reached XP level 1. HP: 14/14 MP: 5/5
    13 | D:1      | Found a faded altar of an unknown god.
    33 | D:1      | Reached skill level 4 in Earth Magic
    36 | D:1      | Reached XP level 2. HP: 20/20 MP: 2/6
    53 | D:1      | Learned a level 2 spell: Passwall
   217 | D:1      | Reached XP level 3. HP: 26/26 MP: 6/8
   221 | D:1      | Learned a level 3 spell: Stone Arrow
   428 | D:2      | Reached skill level 5 in Earth Magic
   428 | D:2      | Reached XP level 4. HP: 34/34 MP: 7/9
   519 | D:2      | Reached skill level 1 in Conjurations
   829 | D:3      | Found a runed translucent gate.
   830 | D:3      | Found a runed translucent gate.
   831 | D:3      | Found an opulent altar of Gozag.
   832 | D:3      | Found a runed translucent gate.
   910 | D:3      | Noticed kougar's ghost (amateur NaTm)
   959 | D:4      | Reached XP level 5. HP: 39/39 MP: 7/10
  1024 | D:4      | Found a glowing drain.
  1034 | Sewer    | Entered a sewer
  1038 | Sewer    | Reached skill level 6 in Earth Magic
  1038 | Sewer    | Reached XP level 6. HP: 46/46 MP: 4/11
  1108 | Sewer    | Slain by a kobold brigand

Illustrated notes

Levels and vault maps discovered:
D:1:      onia_arrival_handbag, layout_loops_corners,
          chequers_ecumenical_altar_island, minmay_misc_feat_ornament,
          corexii_corridor_pit, corexii_hall_statues_u
D:2:      layout_loops_corners, serial_co_window_serial, co_window_paths_a,
          co_window_of_opportunity_a, co_window_paths_b, co_window_corner_a,
          co_window_paths_b, co_window_broadway_a, co_window_unsneaky_path_c,
          co_window_of_opportunity_b, glass_columns_c, glass_columns_c,
          glass_columns_a, nicolae_kite_square_tiling_tiny
D:3:      layout_basic, ebering_ghost_gozag
D:4:      layout_basic, minmay_temple_entry_steel_oval,
          nicolae_ossuary_entry_monument, gup_sewer_entry_pipe,
          hangedman_decor_opposing, kennysheep_small_spiral, uniq_menkaure
Sewer:    sewer_kobolds

Skill      XL: |  1  2  3  4  5  6 |
---------------+-------------------+-----
Earth Magic    | 4 5 6 |  6.5
Conjurations   | 2 3 4 |  4.0
Fighting       | |  0.5
Dodging        | |  2.6
Stealth        | |  1.4
Spellcasting   | |  2.8
Transmutations | |  1.2

Action                     |  1- 3 |  4- 6 || total
---------------------------+-------+-------++-------
  Melee: Short sword       |       |    12 ||    12
   Cast: Sandblast         |    31 |    55 ||    86
    Use: Potion            |       |     1 ||     1
 Armour: Robe              |     1 |     7 ||     8
  Dodge: Dodged            |     4 |    45 ||    49
